[Event "Titled Tuesday Blitz April 11 Late 2023"]
[White "Bueno, Alfeu Junior Varela"]
[Black "Martin Barcelo, Carles"]
[WhiteFideId "2108879"]
[BlackFideId "24561444"]
[WhiteElo "2175"]
[BlackElo "2089"]
[Result "0-1"]
[Round "11"]
[TimeControl "180+2"]
[Date "2023.04.11"]
[WhiteClock "0:00:03"]
[BlackClock "0:00:04"]

1. e4 e6 2. d4 d5 3. Nd2 Nc6 4. Ngf3 Nf6 5. e5 Nd7 6. Bb5 Be7 7. Nb3 O-O 8. O-O f6 9. Bxc6 bxc6 10. Na5 c5 11. Nc6 Qe8 12. Nxe7+ Qxe7 13. exf6 Qxf6 14. b3 cxd4 15. Qxd4 c5 16. Qxf6 gxf6 17. Bh6 Re8 18. Rad1 Kf7 19. Rfe1 a5 20. a4 Nb8 21. Be3 Na6 22. Nd2 Bb7 23. Nb1 Nb4 24. Na3 d4 25. Bd2 Ba6 26. f3 Nd5 27. Kf2 Nb4 28. Re4 Ra7 29. Rde1 Rd7 30. Rh4 Kg8 31. Rg4+ Kf7 32. Rh4 Kg8 33. Rg4+ Rg7 34. Rge4 Kf7 35. Bh6 Rg6 36. Bd2 Reg8 37. g3 Re8 38. Rd1 Rgg8 39. Bf4 Rd8 40. Bc7 Rd7 41. Bxa5 d3 42. Bxb4 cxb4 43. Rxb4 Rgd8 44. cxd3 Rxd3 45. Rxd3 Rxd3 46. Nb5 Rd2+ 47. Ke3 Rxh2 48. Nc7 Bf1 49. a5 e5 50. Ke4 Kg6 51. Kd5 Bg2 52. Kd6 Bxf3 53. a6 Ra2 54. Ra4 Rb2 55. a7 e4 56. a8=Q e3 57. Qxf3 Rd2+ 58. Kc6 Rf2 59. Kb7 Rxf3 60. Ra5 e2 61. Ra1 Rf1 62. Ra2 e1=Q 0-1


[Site "https://www.chess.com"]

[Event "Titled Tuesday Blitz April 11 Late 2023"]
[White "Kornyukov, Alexey"]
[Black "Lorenzo De La Riva, Lazaro"]
[WhiteFideId "4150457"]
[BlackFideId "2268809"]
[WhiteElo "2352"]
[BlackElo "2294"]
[Result "1-0"]
[Round "11"]
[TimeControl "180+2"]
[Date "2023.04.11"]
[WhiteClock "0:00:06"]
[BlackClock "0:00:01"]

1. d4 b6 2. c4 Bb7 3. Nc3 e6 4. a3 f5 5. d5 Nf6 6. g3 exd5 7. cxd5 Na6 8. Bg2 Nc5 9. Nh3 Nce4 10. Nxe4 Nxe4 11. O-O Bd6 12. f3 Nf6 13. e4 Bc5+ 14. Kh1 fxe4 15. fxe4 O-O 16. e5 Ne8 17. Bg5 Qc8 18. Rxf8+ Bxf8 19. Qf3 c6 20. Rf1 Nc7 21. Qf7+ Kh8 22. d6 Ne6 23. Be7 c5 24. Bxb7 Qxb7+ 25. Kg1 h6 26. Nf4 Qe4 27. Ng6+ Kh7 28. Nxf8+ Nxf8 29. Bxf8 Qe3+ 30. Rf2 Qe1+ 31. Kg2 Qe4+ 32. Kh3 Qxe5 33. Qf5+ Qxf5+ 34. Rxf5 Kg6 35. Rf4 Rc8 36. Be7 c4 37. Kg4 b5 38. h4 h5+ 39. Kf3 Rc5 40. Rf8 Rd5 41. Rd8 Rd3+ 42. Kf4 a5 43. Rxd7 b4 44. axb4 axb4 45. Rc7 c3 46. bxc3 b3 47. Rb7 Rxc3 48. d7 Rc4+ 49. Ke3 Rc3+ 50. Kd2 Rc2+ 51. Kd1 Rf2 52. d8=Q Kf5 53. Qd5+ Kg4 54. Qe4+ Kh3 55. Rxb3 g5 56. Qh1+ Rh2 57. Qf1+ Kg4 58. hxg5 h4 59. gxh4 1-0


[Site "https://www.chess.com"]

[Event "Titled Tuesday Blitz April 11 Late 2023"]
[White "Melikhov, Evgeny V."]
[Black "Sai Han Thiha"]
[WhiteFideId "4122046"]
[BlackFideId "13012290"]
[WhiteElo "2158"]
[BlackElo "1954"]
[Result "1-0"]
[Round "11"]
[TimeControl "180+2"]
[Date "2023.04.11"]
[WhiteClock "0:00:04"]
[BlackClock "0:00:01"]

1. d4 Nf6 2. c4 e6 3. Nc3 Bb4 4. Qc2 O-O 5. e4 d6 6. e5 Nfd7 7. Nf3 c5 8. a3 Ba5 9. dxc5 dxe5 10. Ng5 Nf6 11. Bd3 h6 12. h4 Nc6 13. Be3 Nd4 14. Bxd4 exd4 15. b4 dxc3 16. bxa5 Qd4 17. Nf3 Qxc5 18. Qxc3 e5 19. Be2 Ne4 20. Qe3 Qxa5+ 21. Kf1 Bf5 22. g4 Bh7 23. g5 h5 24. Bd3 Qc3 25. Rc1 Qb2 26. Kg2 Nxf2 27. Qxf2 Qxf2+ 28. Kxf2 Bxd3 29. Nxe5 Bf5 30. Kg3 Rfe8 31. Rhe1 f6 32. Nf3 Be4 33. Nd4 Rad8 34. Nb5 fxg5 35. hxg5 Bc6 36. Rxe8+ Rxe8 37. Kf4 Re4+ 38. Kf5 Re3 39. Nxa7 Bd7+ 40. Kf4 Rxa3 41. Rd1 Be8 42. Nb5 Ra4 43. Rd8 Rxc4+ 44. Ke3 Rc5 45. Nd6 Rxg5 46. Rxe8+ Kh7 47. Nf7 Rf5 48. Ne5 h4 49. Ke4 Rf1 50. Nf3 h3 51. Re5 g6 52. Re7+ Kh6 53. Kf4 h2 54. Re8 1-0


[Site "https://www.chess.com"]

[Event "Titled Tuesday Blitz April 11 Late 2023"]
[White "Perez Rodriguez, Jennifer"]
[Black "Reprintsev, Alexander"]
[WhiteFideId "3507831"]
[BlackFideId "14100541"]
[WhiteElo "2116"]
[BlackElo "2211"]
[Result "1-0"]
[Round "11"]
[TimeControl "180+2"]
[Date "2023.04.11"]
[WhiteClock "0:00:15"]
[BlackClock "0:00:01"]

1. e4 e5 2. Nf3 Nc6 3. d4 exd4 4. Nxd4 Nf6 5. Nxc6 bxc6 6. Qe2 Bb4+ 7. c3 Be7 8. e5 Nd5 9. Qg4 Kf8 10. Bd3 h5 11. Qe2 h4 12. h3 d6 13. O-O Be6 14. Na3 dxe5 15. Nc4 Nf4 16. Bxf4 exf4 17. Rad1 Qc8 18. Qf3 Rh6 19. Qxf4 Bf6 20. Rfe1 Kg8 21. Ne5 c5 22. Be4 Rb8 23. Re2 Qa6 24. Red2 Qxa2 25. Ng4 Bxg4 26. Qxg4 Rf8 27. Bb1 Qb3 28. Qf5 c4 29. Be4 Qb6 30. Qd5 Qe6 31. Qxe6 fxe6 32. Bf3 1-0


[Site "https://www.chess.com"]

[Event "Titled Tuesday Blitz April 11 Late 2023"]
[White "Womacka, Mathias"]
[Black "Garcia Cuenca, Victor"]
[WhiteFideId "4611390"]
[BlackFideId "2250829"]
[WhiteElo "2377"]
[BlackElo "2329"]
[Result "1-0"]
[Round "11"]
[TimeControl "180+2"]
[Date "2023.04.11"]
[WhiteClock "0:01:00"]
[BlackClock "0:00:25"]

1. e4 c6 2. d4 d6 3. Nc3 g6 4. f4 Bg7 5. Nf3 b5 6. Bd3 a6 7. O-O Bb7 8. Kh1 Nd7 9. Qe1 e5 10. dxe5 dxe5 11. f5 Qe7 12. Bg5 f6 13. Be3 Nh6 14. Nh4 g5 15. Nf3 Ng4 16. Bg1 h5 17. a4 b4 18. Nd1 a5 19. b3 Qd8 20. Nb2 Bf8 21. Bc4 Bc5 22. Rd1 Qb6 23. Be6 Bc8 24. Nc4 Qa7 25. Nd6+ Ke7 26. Nxc8+ Raxc8 27. Rxd7+ 1-0


[Site "https://www.chess.com"]

[Event "Titled Tuesday Blitz April 11 Late 2023"]
[White "Zampronha, Wladimir Camilo"]
[Black "Mikhalsky, Vladimir"]
[WhiteFideId "2103087"]
[BlackFideId "14144352"]
[WhiteElo "2176"]
[BlackElo "2236"]
[Result "0-1"]
[Round "11"]
[TimeControl "180+2"]
[Date "2023.04.11"]
[WhiteClock "0:00:15"]
[BlackClock "0:01:14"]

1. e4 g6 2. d4 Bg7 3. Nc3 d6 4. Bg5 h6 5. Be3 a6 6. Qd2 Nf6 7. f3 b5 8. O-O-O Nbd7 9. g4 Nb6 10. Kb1 b4 11. Nce2 Nc4 12. Qd3 Nxe3 13. Qxe3 a5 14. d5 h5 15. g5 Nd7 16. Nd4 Bb7 17. Bb5 O-O 18. Nc6 Bxc6 19. Bxc6 Rb8 20. Qa7 Ne5 21. Qxa5 Nc4 22. Qa6 Nxb2 23. Re1 Rb6 24. Qe2 Qb8 25. f4 Bc3 26. Nf3 Qa7 27. Nd2 Rxc6 28. dxc6 Ra8 29. Nb3 Qxa2+ 30. Kc1 Qa1+ 0-1


[Site "https://www.chess.com"]

[Event "Titled Tuesday Blitz April 11 Late 2023"]
[White "Mazurkiewicz, Michal"]
[Black "Hoffmann, Asa"]
[WhiteFideId "1124943"]
[BlackFideId "2001470"]
[WhiteElo "2054"]
[BlackElo "2117"]
[Result "0-1"]
[Round "11"]
[TimeControl "180+2"]
[Date "2023.04.11"]
[WhiteClock "0:00:06"]
[BlackClock "0:00:56"]

1. e4 d6 2. d4 Nf6 3. Nc3 c6 4. f4 Qa5 5. Nf3 Nxe4 6. Bd2 Nxd2 7. Qxd2 Bf5 8. O-O-O Nd7 9. Kb1 e6 10. Rg1 Bg4 11. Be2 g6 12. h3 Bxf3 13. Bxf3 Bg7 14. g4 O-O-O 15. f5 d5 16. fxe6 fxe6 17. g5 Rhf8 18. Bg4 Rde8 19. Rge1 Nb6 20. Bxe6+ Kb8 21. Qh2+ Ka8 22. Qc7 Nc4 23. Qxa5 Nxa5 24. b3 b6 25. Bd7 Rd8 26. Be6 Nb7 27. Rf1 Nd6 28. Ne2 Kb8 29. Bg4 Kc7 30. c3 Ne4 31. Nf4 Nxc3+ 32. Kc2 Nxd1 33. Ne6+ Kd6 34. Rxd1 Rf2+ 35. Rd2 Rxd2+ 36. Kxd2 Rg8 37. Nf4 Bxd4 38. Kd3 Be5 39. Ne2 Rf8 40. b4 c5 41. bxc5+ bxc5 42. Ng1 c4+ 43. Ke2 d4 44. Nf3 d3+ 45. Ke3 Bf4+ 46. Ke4 d2 47. Nd4 Be5 48. Nb5+ Kc5 49. Na3 Rf4+ 50. Kxe5 Rxg4 51. Nxc4 Kxc4 52. hxg4 d1=Q 53. Kf6 Qxg4 54. Kg7 Qxg5 55. a4 Kb4 56. a5 Kxa5 57. Kh8 Qd8+ 0-1


[Site "https://www.chess.com"]

[Event "Titled Tuesday Blitz April 11 Late 2023"]
[White "Osmonbekov, Talaibek"]
[Black "Guzman Moneo, Alberto"]
[WhiteFideId "2017253"]
[BlackFideId "2209616"]
[WhiteElo "2135"]
[BlackElo "2157"]
[Result "1-0"]
[Round "11"]
[TimeControl "180+2"]
[Date "2023.04.11"]
[WhiteClock "0:00:19"]
[BlackClock "0:00:02"]

1. d4 d5 2. Bf4 c5 3. e3 Nc6 4. Nc3 e6 5. Nb5 e5 6. Bxe5 Nxe5 7. dxe5 a6 8. Nc3 Be6 9. f4 Ne7 10. Nf3 Nf5 11. Qd2 h5 12. O-O-O Qa5 13. Kb1 Rd8 14. Bd3 c4 15. Bxf5 Bxf5 16. Nxd5 Qxd2 17. Rxd2 Bc5 18. Rhd1 Rc8 19. Re1 Be4 20. Ng5 Bxd5 21. Rxd5 O-O 22. e4 b5 23. c3 b4 24. e6 bxc3 25. exf7+ Kh8 26. bxc3 g6 27. Kc2 Be7 28. Rd7 Bxg5 29. fxg5 Kg7 30. Rf1 Rc6 31. Kd2 Re6 32. Ke3 a5 33. a4 Rb6 34. Rc7 Rb3 35. Rxc4 Rb2 36. e5 Rxg2 37. e6 Rxg5 38. Re4 1-0


[Site "https://www.chess.com"]

[Event "Titled Tuesday Blitz April 11 Late 2023"]
[White "Sarkar, Justin"]
[Black "Korkmaz, Necmettin"]
[WhiteFideId "2010011"]
[BlackFideId "6303285"]
[WhiteElo "2189"]
[BlackElo "2097"]
[Result "0-1"]
[Round "11"]
[TimeControl "180+2"]
[Date "2023.04.11"]
[WhiteClock "0:00:02"]
[BlackClock "0:00:55"]

1. e4 e5 2. Nf3 Nc6 3. Bb5 a6 4. Ba4 d6 5. c4 Bg4 6. h3 Bxf3 7. Qxf3 Nf6 8. Nc3 Be7 9. d3 O-O 10. Be3 Nd4 11. Bxd4 exd4 12. Nd5 Nxd5 13. cxd5 c5 14. O-O b5 15. Bb3 Rc8 16. Rfc1 Bg5 17. Rc2 Qe7 18. g3 Rc7 19. Qe2 f5 20. f4 Bh6 21. e5 g5 22. Rf1 gxf4 23. gxf4 Kh8 24. exd6 Qxd6 25. Qe5+ Qxe5 26. fxe5 Be3+ 27. Kh1 f4 28. d6 Rg7 29. Rxc5 f3 30. Rxf3 Rg1+ 31. Kh2 Re8 32. e6 Rb1 33. d7 Rxb2+ 34. Kg3 Rg8+ 35. Kh4 Bg5+ 36. Kh5 Rg6 37. Rc8+ Kg7 38. Rg8+ Kxg8 39. e7+ Kg7 40. e8=Q Rh6+ 0-1


[Site "https://www.chess.com"]

[Event "Titled Tuesday Blitz April 11 Late 2023"]
[White "Gonzalez Zamora, Juan Carlos"]
[Black "Prydun, Andriy"]
[WhiteFideId "3507548"]
[BlackFideId "14145898"]
[WhiteElo "2535"]
[BlackElo "2164"]
[Result "1-0"]
[Round "11"]
[TimeControl "180+2"]
[Date "2023.04.11"]
[WhiteClock "0:00:44"]
[BlackClock "0:00:01"]

1. e4 e5 2. Nf3 Nf6 3. Nxe5 d6 4. Nc4 Nxe4 5. Qe2 Qe7 6. Ne3 c6 7. g3 Ng5 8. h4 Ne6 9. Bg2 g6 10. O-O Bg7 11. c3 O-O 12. d4 d5 13. Ng4 Re8 14. Re1 Nd7 15. Bh6 Nf6 16. Bxg7 Nxg4 17. Qxg4 Nxg7 18. Rxe7 Bxg4 19. Rxe8+ Rxe8 20. f3 Bf5 21. Kf2 Bd3 22. Bf1 Bxf1 23. Kxf1 Kf8 24. Nd2 Ke7 25. a4 Kd7 26. a5 f6 27. Nb3 Kc7 28. Kf2 Re7 29. Nc5 Ne8 30. g4 Ng7 31. Rh1 b6 32. axb6+ axb6 33. Nd3 Kd6 34. Ra1 h5 35. Ra6 hxg4 36. fxg4 Rb7 37. Ra8 f5 38. g5 Ne6 39. Ne5 c5 40. Nxg6 cxd4 41. cxd4 Nxd4 42. Nf4 1-0


[Site "https://www.chess.com"]

[Event "Titled Tuesday Blitz April 11 Late 2023"]
[White "Kaplan, Avi Harrison"]
[Black "Rodriguez Santiago, Jaime"]
[WhiteFideId "30934559"]
[BlackFideId "3100898"]
[WhiteElo "1983"]
[BlackElo "2025"]
[Result "0-1"]
[Round "11"]
[TimeControl "180+2"]
[Date "2023.04.11"]
[WhiteClock "0:00:04"]
[BlackClock "0:00:49"]

1. h3 Nf6 2. a3 d5 3. b4 a5 4. b5 e5 5. Bb2 Bd6 6. d3 Qe7 7. Nd2 O-O 8. c4 c6 9. Qc2 Bf5 10. g4 Bg6 11. Bg2 h6 12. e4 Nbd7 13. Ngf3 Rfc8 14. Nh4 Bh7 15. bxc6 bxc6 16. Nf5 Bxf5 17. gxf5 a4 18. Rg1 Nh5 19. exd5 cxd5 20. Bxd5 Rab8 21. Ne4 Nf4 22. Nxd6 Rxb2 23. Bxf7+ Kf8 24. f6 Qxf6 25. Qxb2 Nxd3+ 26. Kd2 Nxb2 27. Kc2 Qxf2+ 28. Kb1 Rb8 29. Nb5 Nd3 30. Ra2 Qxg1+ 31. Kc2 e4 32. Kc3 Kxf7 33. Nd6+ Ke6 34. Nxe4 Rb3+ 35. Kc2 Qg2+ 36. Nd2 N7c5 37. Ra1 Rb2+ 38. Kc3 Qxd2+ 39. Kd4 Ne5+ 40. Kxc5 Qd6# 0-1


[Site "https://www.chess.com"]

[Event "Titled Tuesday Blitz April 11 Late 2023"]
[White "Smith, Garrett L"]
[Black "Gatterer, Florian"]
[WhiteFideId "2024829"]
[BlackFideId "811688"]
[WhiteElo "2047"]
[BlackElo "2221"]
[Result "1/2-1/2"]
[Round "11"]
[TimeControl "180+2"]
[Date "2023.04.11"]
[WhiteClock "0:02:23"]
[BlackClock "0:02:29"]

1. e4 c6 2. d4 d5 3. e5 Bf5 4. Nd2 e6 5. Nb3 c5 6. dxc5 Bxc5 7. Nxc5 Qa5+ 8. c3 Qxc5 9. Nf3 Qc7 10. Be2 Nc6 11. Qa4 Ne7 12. Bf4 O-O 13. O-O Ng6 1/2-1/2


[Site "https://www.chess.com"]

[Event "Titled Tuesday Blitz April 11 Late 2023"]
[White "Rose, Felix"]
[Black "Fernandez, Maria Florencia"]
[WhiteFideId "5105722"]
[BlackFideId "116459"]
[WhiteElo "2039"]
[BlackElo "2120"]
[Result "0-1"]
[Round "11"]
[TimeControl "180+2"]
[Date "2023.04.11"]
[WhiteClock "0:00:02"]
[BlackClock "0:00:11"]

1. e4 c5 2. Nf3 d6 3. d4 cxd4 4. Nxd4 Nf6 5. Nc3 g6 6. Be3 Bg7 7. f3 O-O 8. Qd2 Nc6 9. O-O-O d5 10. Qe1 e5 11. Nxc6 bxc6 12. exd5 cxd5 13. Bg5 h6 14. Bxf6 Bxf6 15. Nxd5 Bg7 16. Bc4 Bb7 17. h4 Rc8 18. Bb3 Bxd5 19. Rxd5 Qf6 20. Qe4 Kh8 21. g4 Qb6 22. g5 f5 23. gxf6 Qxf6 24. h5 g5 25. Rf1 Qb6 26. Rd7 Rcd8 27. Rfd1 Rxd7 28. Rxd7 Qg1+ 29. Rd1 Qf2 30. c3 Rxf3 31. Rd8+ Rf8 32. Rxf8+ Qxf8 33. Bc2 Qf1+ 34. Kd2 Qf4+ 35. Kd3 g4 36. Qa8+ Bf8 37. Qe4 g3 38. Ke2 Qf2+ 39. Kd1 Qf1+ 40. Kd2 Qf4+ 41. Ke2 Qf7 42. Qxe5+ Bg7 43. Qxg3 Qxh5+ 0-1


[Site "https://www.chess.com"]

[Event "Titled Tuesday Blitz April 11 Late 2023"]
[White "Torrente, Alejandro Josue"]
[Black "Kohler, Aran"]
[WhiteFideId "4437969"]
[BlackFideId "1002856"]
[WhiteElo "2025"]
[BlackElo "2010"]
[Result "0-1"]
[Round "11"]
[TimeControl "180+2"]
[Date "2023.04.11"]
[WhiteClock "0:01:14"]
[BlackClock "0:01:08"]

1. e4 c6 2. d4 d5 3. Nc3 dxe4 4. Nxe4 Bf5 5. Ng3 Bg6 6. h4 h6 7. Nf3 Nd7 8. h5 Bh7 9. Bd3 Ngf6 10. Bxh7 Nxh7 11. Qe2 e6 12. Bf4 Qa5+ 13. Bd2 Qc7 14. O-O-O Be7 15. Kb1 Ng5 16. Ne5 Nxe5 17. dxe5 O-O-O 18. f4 Nh7 19. Be3 Kb8 20. Ne4 Rxd1+ 21. Rxd1 Rd8 22. a3 f5 23. Nc5 Nf8 24. Rxd8+ Qxd8 25. Qc4 Qd5 26. Qb4 Bxc5 27. Bxc5 Nd7 28. Bd6+ Kc8 29. g3 Qd1+ 30. Ka2 Qxc2 31. Qd4 c5 32. Qc3 Qxc3 33. bxc3 b5 34. a4 a6 35. axb5 axb5 36. Kb3 Kb7 37. c4 Kc6 38. cxb5+ Kxb5 39. Kc3 Kc6 40. Kc4 Nb6+ 41. Kd3 Nd7 42. Kc3 Kd5 43. Kd3 c4+ 44. Ke3 c3 45. Kd3 c2 46. Kxc2 Ke4 47. Kc3 Kf3 48. Kc4 Kxg3 49. Kb5 Kxf4 50. Kc6 Nxe5+ 51. Kc7 Ke4 52. Bf8 g5 53. Bxh6 Nf7 54. Bg7 f4 55. Kd7 f3 56. Ke7 Nh6 57. Bxh6 f2 58. Kxe6 f1=Q 59. Bxg5 Qh3+ 60. Kf6 Qxh5 61. Bc1 Qf3+ 62. Ke7 Qf5 63. Bb2 Kd5 64. Bf6 Qe6+ 65. Kf8 Qxf6+ 66. Ke8 Qg7 0-1


[Site "https://www.chess.com"]

[Event "Titled Tuesday Blitz April 11 Late 2023"]
[White "Harriott, Tyrell"]
[Black "Kostiukov, Alexandr"]
[WhiteFideId "2086484"]
[BlackFideId "14108100"]
[WhiteElo "2107"]
[BlackElo "2202"]
[Result "1-0"]
[Round "11"]
[TimeControl "180+2"]
[Date "2023.04.11"]
[WhiteClock "0:00:14"]
[BlackClock "0:00:03"]

1. d4 g6 2. e3 Bg7 3. Bd3 d6 4. f4 c5 5. c3 Nc6 6. Nf3 Nf6 7. Bc2 O-O 8. d5 Nb8 9. e4 e6 10. O-O exd5 11. exd5 Bg4 12. h3 Bxf3 13. Qxf3 b5 14. f5 Qb6 15. Bg5 Nbd7 16. Na3 Ne5 17. Qd1 b4 18. Nb1 Nfd7 19. f6 Bh8 20. Nd2 Rfe8 21. c4 Qd8 22. Ne4 Nxc4 23. b3 Nce5 24. Nxd6 Rf8 25. Ne4 c4 26. Kh1 Rc8 27. bxc4 Rxc4 28. Rb1 a5 29. Qe2 Qc7 30. Bb3 Rd4 31. Rbc1 Qb7 32. Nc5 Nxc5 33. Qxe5 Nxb3 34. axb3 Rxd5 35. Qg3 Qb5 36. Bh6 Rfd8 37. Qc7 Qd7 38. Qg3 Rd3 39. Qh4 Rd4 40. Qf2 Rd2 41. Bxd2 h5 42. Bg5 Kh7 43. Rce1 Qd6 44. Re7 Rd7 45. Rfe1 Rxe7 46. fxe7 Qd5 47. e8=Q Bg7 48. Qexf7 1-0


[Site "https://www.chess.com"]

[Event "Titled Tuesday Blitz April 11 Late 2023"]
[White "Buchenau, Frank"]
[Black "Filgueiras, Nathan Felipe"]
[WhiteFideId "4604350"]
[BlackFideId "2188562"]
[WhiteElo "2157"]
[BlackElo "2241"]
[Result "1-0"]
[Round "11"]
[TimeControl "180+2"]
[Date "2023.04.11"]
[WhiteClock "0:00:16"]
[BlackClock "0:02:30"]

1. e4 c5 2. Nf3 d6 3. Bb5+ Bd7 4. Bxd7+ Nxd7 5. O-O Ngf6 6. Qe2 g6 7. c3 Bg7 8. d4 O-O 9. e5 dxe5 10. dxe5 Nd5 11. e6 N7f6 12. Ng5 Qb6 13. Nxf7 Nc7 14. Nh6+ Kh8 15. Re1 Rad8 16. Na3 Qc6 17. Bf4 Ncd5 18. Bd2 Rc8 19. Nc4 Nh5 20. Ne5 Bxe5 21. Qxe5+ Nhf6 22. c4 Nb4 23. Bxb4 cxb4 24. b3 Qc5 25. Qxc5 Rxc5 26. Rad1 Kg7 27. Nf7 a5 28. Re5 Rxe5 29. Nxe5 Rc8 30. Nd7 Rc6 31. Kf1 Rxe6 32. Nxf6 Kxf6 33. Rd7 b6 34. f3 Rd6 35. Rxd6+ exd6 36. Ke2 Ke5 37. Ke3 d5 38. f4+ Kd6 39. Kd4 dxc4 40. Kxc4 Kc6 41. g4 b5+ 42. Kd4 Kd6 43. f5 gxf5 44. gxf5 a4 45. f6 Ke6 46. Kc5 Kxf6 47. Kxb5 axb3 48. axb3 Ke5 49. Kxb4 Kd6 50. Kb5 Kc7 51. Kc5 Kb7 52. Kb5 h6 53. b4 h5 54. h4 Kc7 55. Kc5 Kb7 56. Kd5 Kb6 57. Ke5 Kb5 58. Kf5 Kxb4 59. Kg5 Kc5 60. Kxh5 Kd6 61. Kg6 Ke7 62. Kg7 Ke6 63. h5 Kf5 64. h6 Kg4 65. h7 Kf3 66. h8=Q 1-0


[Site "https://www.chess.com"]

[Event "Titled Tuesday Blitz April 11 Late 2023"]
[White "Skaric, Djuro"]
[Black "Steenbekkers, Franck"]
[WhiteFideId "934569"]
[BlackFideId "1004220"]
[WhiteElo "2282"]
[BlackElo "2164"]
[Result "1-0"]
[Round "11"]
[TimeControl "180+2"]
[Date "2023.04.11"]
[WhiteClock "0:01:17"]
[BlackClock "0:01:14"]

1. g3 g6 2. Bg2 Bg7 3. d3 Nf6 4. Nf3 d5 5. O-O d4 6. e4 dxe3 7. fxe3 c5 8. Nc3 Nc6 9. e4 Ng4 10. h3 Bd4+ 11. Nxd4 Qxd4+ 12. Kh1 Nf2+ 13. Rxf2 Qxf2 14. Nd5 O-O 15. Bh6 Re8 16. Nc7 Qxg3 17. Nxa8 Bxh3 18. Qf3 Bxg2+ 19. Qxg2 Qxg2+ 20. Kxg2 Rxa8 21. c3 f6 22. Be3 b6 23. d4 cxd4 24. cxd4 Rd8 25. Rd1 Kf7 26. a3 Na5 27. Rc1 Rd7 28. Kf3 h5 29. Rc8 Kg7 30. Kf4 Nb3 31. d5 Na5 32. b4 Nb7 33. Ra8 g5+ 34. Kf5 Nd6+ 35. Ke6 Rc7 36. e5 fxe5 37. Bxg5 e4 38. Bxe7 Nf7 39. Bh4 Rc3 40. d6 e3 41. Rxa7 e2 42. Rxf7+ Kg6 43. Rf8 Re3+ 44. Kd5 e1=Q 45. Bxe1 Rxe1 46. d7 Rd1+ 47. Kc6 h4 48. d8=Q Rxd8 49. Rxd8 1-0


[Site "https://www.chess.com"]

[Event "Titled Tuesday Blitz April 11 Late 2023"]
[White "Karamsetty, Jeevan"]
[Black "Ozalp, Burak"]
[WhiteFideId "2025337"]
[BlackFideId "6314210"]
[WhiteElo "2111"]
[BlackElo "2106"]
[Result "1-0"]
[Round "11"]
[TimeControl "180+2"]
[Date "2023.04.11"]
[WhiteClock "0:01:26"]
[BlackClock "0:01:17"]

1. e4 c6 2. d4 d5 3. Nc3 dxe4 4. Nxe4 Nf6 5. Nxf6+ exf6 6. Nf3 Bd6 7. Bd3 O-O 8. O-O Be6 9. c3 Nd7 10. Qc2 h6 11. c4 Re8 12. b3 Bg4 13. Nd2 Be2 14. Bxe2 Rxe2 15. Qd3 Qe7 16. Nf3 Re8 17. Be3 Rxe3 18. fxe3 Qxe3+ 19. Qxe3 Rxe3 20. Kf2 Re8 21. Rfe1 Rd8 22. Re2 g6 23. Rae1 Kf8 24. g3 Bb4 25. Rd1 f5 26. d5 Nc5 27. dxc6 Rxd1 28. c7 Ne4+ 29. Rxe4 fxe4 30. c8=Q+ Kg7 31. Qxb7 Bc5+ 32. Ke2 1-0


[Site "https://www.chess.com"]

[Event "Titled Tuesday Blitz April 11 Late 2023"]
[White "Prieto Aranguren, Alain"]
[Black "Chemin, Justo Reinaldo"]
[WhiteFideId "2268906"]
[BlackFideId "2101580"]
[WhiteElo "2209"]
[BlackElo "1940"]
[Result "1-0"]
[Round "11"]
[TimeControl "180+2"]
[Date "2023.04.11"]
[WhiteClock "0:00:42"]
[BlackClock "0:00:01"]

1. e4 d5 2. e5 c5 3. Nf3 Nc6 4. Bb5 Qb6 5. a4 a6 6. Bxc6+ Qxc6 7. a5 Bg4 8. d4 cxd4 9. Qxd4 Bxf3 10. gxf3 e6 11. Nc3 Ne7 12. Be3 Nf5 13. Qb6 Rc8 14. Qxc6+ Rxc6 15. Bb6 Bb4 16. O-O-O Bxc3 17. bxc3 Rxc3 18. Kb2 Rxf3 19. c4 Ne7 20. Bc5 Kd7 21. Bxe7 Rxf2+ 22. Kb3 Kxe7 23. cxd5 exd5 24. Rxd5 Rd8 25. Rc5 Rd3+ 26. Kc4 Rd7 27. Kc3 Ke6 28. Rg1 g6 29. h4 Rf3+ 30. Kc2 Rh3 31. Rg4 h5 32. Rb4 Rg3 33. Rb6+ Ke7 34. Rc8 Rg4 35. Rb8 Rxh4 36. R8xb7 Re4 37. Rxd7+ Kxd7 38. Rxa6 Rxe5 39. Kd3 h4 40. Kd4 Rb5 41. Ra8 g5 42. a6 Ke6 43. Re8+ Kf6 44. a7 Rb4+ 45. Ke3 Rb3+ 46. Kf2 Rb2+ 47. Kf3 Rb3+ 48. Kg4 Rb4+ 49. Kh5 Ra4 50. a8=Q Rxa8 51. Rxa8 Kf5 52. Ra5+ Kf4 53. Rxg5 h3 54. Rg4+ Kf3 55. Rg7 h2 56. Rxf7+ Kg2 57. Rg7+ Kf1 58. Rf7+ Kg2 59. Rg7+ Kh3 60. Rg4 1-0


[Site "https://www.chess.com"]

[Event "Titled Tuesday Blitz April 11 Late 2023"]
[White "Marin Masis, Jose Esteban"]
[Black "Qashashvili, Alexandre"]
[WhiteFideId "6508146"]
[BlackFideId "13600842"]
[WhiteElo "1838"]
[BlackElo "2405"]
[Result "0-1"]
[Round "11"]
[TimeControl "180+2"]
[Date "2023.04.11"]
[WhiteClock "0:00:08"]
[BlackClock "0:00:52"]

1. e4 c6 2. d4 d5 3. exd5 cxd5 4. c4 Nf6 5. Nf3 Nc6 6. Nc3 Bg4 7. Be3 e6 8. cxd5 Nxd5 9. Nxd5 Qxd5 10. Be2 Bb4+ 11. Bd2 Bxd2+ 12. Qxd2 O-O 13. O-O Bxf3 14. Bxf3 Qxd4 15. Qc2 Qb6 16. Be4 g6 17. Rfd1 Rad8 18. h4 Rxd1+ 19. Rxd1 Rd8 20. Rxd8+ Nxd8 21. h5 Qd4 22. Bf3 Kg7 23. Qc8 Nc6 24. Bxc6 Qd1+ 25. Kh2 Qxh5+ 26. Kg1 Qd1+ 27. Kh2 Qd6+ 28. g3 Qxc6 29. Qd8 Qd5 30. Qc7 Qd4 31. Qc2 b5 32. Kg2 a5 33. Qb3 Qd5+ 34. Qxd5 exd5 35. Kf3 Kf6 36. Ke3 Ke5 37. f4+ Kd6 38. Kd4 f6 39. f5 gxf5 40. b3 h5 41. a3 f4 42. gxf4 h4 43. b4 axb4 44. axb4 h3 45. Ke3 h2 46. Kf2 h1=Q 0-1


[Site "https://www.chess.com"]

[Event "Titled Tuesday Blitz April 11 Late 2023"]
[White "Sariego Figueredo, Wilfredo"]
[Black "Tarnowska, Aleksandra"]
[WhiteFideId "3500080"]
[BlackFideId "1180967"]
[WhiteElo "2309"]
[BlackElo "1776"]
[Result "1-0"]
[Round "11"]
[TimeControl "180+2"]
[Date "2023.04.11"]
[WhiteClock "0:00:54"]
[BlackClock "0:00:01"]

1. d4 d5 2. Bf4 Nf6 3. e3 Bf5 4. Bd3 e6 5. Nf3 c5 6. c3 Bxd3 7. Qxd3 c4 8. Qe2 Qb6 9. O-O Nc6 10. Qc2 Nh5 11. Nbd2 Nxf4 12. exf4 Bd6 13. g3 h5 14. Ne5 h4 15. b3 cxb3 16. axb3 Bxe5 17. fxe5 Rc8 18. Qb2 Ne7 19. c4 a6 20. c5 Qb5 21. b4 hxg3 22. fxg3 Nf5 23. Qc3 Ke7 24. Rf2 Rh3 25. Raf1 Rch8 26. Nf3 f6 27. exf6+ gxf6 28. Qe1 Qd3 29. Re2 Rg8 30. Rxe6+ Kd7 31. Rxf6 Nxg3 32. Ne5+ Kc8 33. Rf8+ Rxf8 34. Rxf8+ Kc7 35. Nxd3 Ne4 36. Ne5 Rb3 37. Rf7+ 1-0


[Site "https://www.chess.com"]

[Event "Titled Tuesday Blitz April 11 Late 2023"]
[White "Sanchez Alvares, Kelvin Antonio"]
[Black "Torres Dominguez, David"]
[WhiteFideId "3906680"]
[BlackFideId "2220857"]
[WhiteElo "2217"]
[BlackElo "1999"]
[Result "1-0"]
[Round "11"]
[TimeControl "180+2"]
[Date "2023.04.11"]
[WhiteClock "0:01:54"]
[BlackClock "0:00:01"]

1. e4 Nc6 2. Nf3 e5 3. Bb5 Nge7 4. Nc3 g6 5. d4 exd4 6. Nd5 Bg7 7. Bg5 h6 8. Bf6 Bxf6 9. Nxf6+ Kf8 10. O-O d6 11. Nxd4 Kg7 12. Nd5 Nxd5 13. Nxc6 bxc6 14. Bxc6 Nb6 15. Bxa8 Nxa8 16. Qd4+ f6 17. Qxa7 Nb6 18. a4 Be6 19. a5 Nc4 20. Qd4 c5 21. Qc3 Qb8 22. b3 Ne5 23. f4 Nc6 24. a6 Qb4 25. Qxb4 Nxb4 26. a7 Ra8 27. Rfd1 Nxc2 28. Ra5 Nd4 29. b4 Bb3 30. Rd2 Nc6 31. Ra6 Nxb4 32. Ra3 Bc4 33. Rxd6 Bd3 34. Rd7+ Kf8 35. Rb7 Bxe4 36. Rb8+ Kf7 37. Rxa8 Bxa8 38. Ra5 Nc6 39. Rxc5 Nxa7 40. Rc7+ Ke6 41. Rxa7 Be4 42. Kf2 h5 43. g3 Bf5 44. Ra6+ Ke7 45. Ke3 Kf7 46. Kd4 Be6 47. Kc5 Bb3 48. Kd6 Bc4 49. Ra7+ Kf8 50. Rc7 Bb3 51. h3 Ba2 52. g4 hxg4 53. hxg4 Bb3 54. g5 fxg5 55. fxg5 Ba2 56. Ke5 Bb1 57. Kf6 Ke8 58. Rc8+ 1-0


[Site "https://www.chess.com"]